 Dungeon Crawl Stone Soup version 0.23-a0-677-g07611c5 (webtiles) character file.

72 Amnesiac the Changer (level 4, -1/29 HPs)
             Began as an Octopode Transmuter on Jan 9, 2019.
             Slain by a shadow imp (4 damage)
             ... on level 3 of the Dungeon.
             The game lasted 00:01:57 (681 turns).

Amnesiac the Changer (Octopode Transmuter)           Turns: 681, Time: 00:01:57

Health: -1/29      AC:  1    Str:  9    XL:     4   Next: 26%
Magic:  7/7        EV: 13    Int: 15    God:
Gold:   65         SH:  0    Dex: 13    Spells: 2/8 levels left

rFire    . . .     SeeInvis .     - Unarmed
rCold    . . .     Gourm    .   (no shield)
rNeg     . . .     Faith    .   (helmet restricted)
rPois    .         Spirit   .   (no amulet)
rElec    .         Reflect  .   (no ring)
rCorr    .         Harm     .   (no ring)
MR       .....                  (no ring)
Stlth    ++........             (no ring)
HPRegen  0.09/turn              (no ring)
MPRegen  0.10/turn              (no ring)
                                (no ring)
                                (no ring)

@: no status effects
A: almost no armour, stealthy swim, amphibious, 8 rings, constrict 8, camouflage
1, gelatinous body 1
a: no special abilities


You were on level 3 of the Dungeon.
You were not hungry.

You visited 1 branch of the dungeon, and saw 3 of its levels.

You collected 65 gold pieces.

Inventory:

Missiles
 a - 10 arrows
Jewellery
 g - an uncursed ring of ice
Scrolls
 b - a scroll of enchant weapon {!r, unknown}
 d - a scroll of remove curse {!r, unknown}
 h - a scroll of fog {!r, unknown}
 i - a scroll of enchant armour {!r, unknown}
Potions
 e - 2 potions of agility {!q, unknown}
Comestibles
 c - 2 rations
 f - 6 chunks of flesh


   Skills:
 + Level 2.1 Fighting
 + Level 2.2 Dodging
 * Level 3.0 Unarmed Combat
 - Level 2.5 Spellcasting
 + Level 3.2 Transmutations


You had 2 spell levels left.
You knew the following spells:

 Your Spells              Type           Power        Failure   Level  Hunger
a - Beastly Appendage     Tmut           ##....       5%          1    #......
b - Sticks to Snakes      Tmut           ##......     9%          2    ###....
c - Spider Form           Tmut/Pois      #.........   32%         3    ###....

Your spell library contained the following spells:

 Spells                   Type           Power        Failure   Level  Hunger
 Ice Form                 Ice/Tmut       #.......     73%         4    #####..
 Blade Hands              Tmut           ##........   83%         5    ######.


Dungeon Overview and Level Annotations

Branches:
Dungeon (3/15)

Altars:

Annotations:
D:2 Natasha
D:3 Sigmund


Innate Abilities, Weirdness & Mutations

You cannot wear most types of armour.
You are very stealthy in the water. (Stealth+)
You are amphibious.
You can wear up to eight rings at the same time.
You can use your tentacles to constrict eight enemies at once.
Your skin changes colour to match your surroundings (Stealth+).
Your rubbery body absorbs attacks. (AC +1, EV +1)


Message History

You barely miss the jackal. The jackal bites you.
You closely miss the jackal. The jackal misses you.
You barely miss the jackal. The jackal barely misses you.
You tentacle-slap the jackal.
You kill the jackal!
No target in view!
A quokka comes into view.
You see here a jackal corpse.
You butcher the jackal corpse.
Things that are here:
3 chunks of flesh; a jackal skeleton You see here a jackal corpse.
You butcher the jackal corpse.
Things that are here:
2 chunks of flesh; a jackal skeleton
f - 5 chunks of flesh (gained 2)
The quokka closely misses you.
Things that are here:
3 chunks of flesh; a jackal skeleton You tentacle-slap the quokka but do no damage.
The quokka bites you.
You miss the quokka. The quokka barely misses you.
You completely miss the quokka. You grab the quokka. You constrict the quokka.
The quokka bites you.
* * * LOW HITPOINT WARNING * * *
You tentacle-slap the quokka.
You kill the quokka!
No target in view!
A giant cockroach comes into view.
f - 8 chunks of flesh (gained 3)
You see here a jackal skeleton.
You start resting.
Some of the chunks of flesh in your inventory have rotted away.
A kobold comes into view. It is wielding a +0 short sword.
You see here a jackal skeleton.
The kobold shouts!
You hear a shout!
The kobold barely misses you.
You tentacle-slap the kobold.
The kobold is moderately wounded.
The kobold misses you.
You barely miss the kobold.
The kobold is moderately wounded.
The kobold misses you.
You closely miss the kobold. You grab the kobold. You squeeze the kobold.
You kill the kobold!
You see here a +0 short sword.
You start resting.
A shadow imp comes into view.
The shadow imp picks up a beetle and eats it.
The shadow imp barely misses you.
You tentacle-slap the shadow imp but do no damage.
You grab the shadow imp. You constrict the shadow imp.
The shadow imp gestures at you. Pain shoots through your body!
* * * LOW HITPOINT WARNING * * *
You tentacle-slap the shadow imp.
The shadow imp is moderately wounded.
You constrict the shadow imp, but do no damage.
The shadow imp hits you.
* * * LOW HITPOINT WARNING * * *
You tentacle-slap the shadow imp but do no damage.
The shadow imp is lightly wounded.
You constrict the shadow imp. The shadow imp hits you.
You die...

.# #.# .s .. # #.
#.# # .. ..#
####### ####. ..#
......##
.#..##..#
##...<.####
..##@5.#
#..###..#.#
#.#).#.# ...#
##.#.###.#.## #
.#...##.....÷...#
...#.......÷#####
...##########
..## ..# ###


You could see a shadow imp.

Vanquished Creatures
  An orc priest (D:2)
  3 adders
  A ball python (D:3)
  3 bats
  A giant cockroach (D:2)
  A goblin (D:2)
  2 hobgoblins
  4 jackals (D:3)
  A quokka (D:3)
  2 frilled lizards
  A kobold (D:3)
  2 rats (D:2)
22 creatures vanquished.

Notes
Turn   | Place    | Note
-------+----------+-------------------------------------------
     0 | D:1      | Amnesiac the Octopode Transmuter began the quest for the
                  | Orb.
     0 | D:1      | Reached XP level 1. HP: 13/13 MP: 3/3
   222 | D:2      | Found a faded altar of an unknown god.
   243 | D:2      | Noticed Natasha
   321 | D:1      | Reached XP level 2. HP: 15/18 MP: 5/5
   328 | D:1      | Learned a level 2 spell: Sticks to Snakes
   380 | D:2      | Reached XP level 3. HP: 22/24 MP: 1/6
   386 | D:2      | Learned a level 3 spell: Spider Form
   523 | D:3      | Reached XP level 4. HP: 16/29 MP: 7/7
   599 | D:3      | Noticed Sigmund
   681 | D:3      | Slain by a shadow imp

Vault maps used:
D:1:      matt_arrival_spirals, minmay_misc_feat_more_columns, minmay_hedge_maze
D:2:      chequers_ecumenical_altar_twisty, uniq_natasha
D:3:      minmay_skewed_foursquare, first_ration, uniq_terence,
          uniq_crazy_yiuf_cottage, uniq_jessica, uniq_sigmund

Skill      XL: |  1  2  3 |
---------------+----------+-----
Fighting       | 2 |  2.1
Transmutations | 3 |  3.2
Dodging        | |  2.2
Unarmed Combat | |  3.0
Spellcasting   | |  2.5

Action                   |  1- 3 |  4- 6 || total
-------------------------+-------+-------++-------
Melee: Unarmed           |    37 |    25 ||    62
       Constrict         |     9 |     6 ||    15
       Tentacles         |     8 |     3 ||    11
       Punch             |     1 |       ||     1
 Cast: Sticks to Snakes  |     2 |       ||     2
 Stab: Sleeping          |     4 |       ||     4
Armor: Skin              |     5 |     1 ||     6
Dodge: Dodged            |    22 |    17 ||    39

Table legend:
 A = Non-vault XP
 B = Vault XP
 C = Vault XP percentage of total XP
 D = Non-vault monster count
 E = Vault monster count
 F = Vault count percentage of total count
                 A         B        C        D         E       F
            +---------+---------+-------+---------+---------+-------
      Total |     104 |       0 |   0.0 |      22 |       0 |   0.0
            +---------+---------+-------+---------+---------+-------
        D:1 |       5 |       0 |   0.0 |       3 |       0 |   0.0
        D:2 |      57 |       0 |   0.0 |       9 |       0 |   0.0
        D:3 |      42 |       0 |   0.0 |      10 |       0 |   0.0
            +---------+---------+-------+---------+---------+-------
